 Dungeon Crawl Stone Soup version 0.30.0 (webtiles) character file.

Game seed: 10954089987563136793

243 cheesebisquit the Ruffian (level 5, -1/53 HPs)
             Began as a Troll Fighter on May 6, 2023.
             Slain by a +3 spectral club (8 damage)
             ... created by Ijyb
             ... on level 3 of the Dungeon.
             The game lasted 00:04:12 (1670 turns).

cheesebisquit the Ruffian (Troll Fighter)           Turns: 1670, Time: 00:04:12

Health: -1/53      AC:  4    Str: 26    XL:     5   Next: 82%
Magic:  4/4        EV:  9    Int:  4    God:
Gold:   88         SH:  8    Dex:  9    Spells: 4/4 levels left

rFire   . .          .
                       - Unarmed
rCold   . . .        b - +0 kite shield
rNeg    . . .        a - +0 robe
rPois   .            (helmet restricted)
rElec   .            (no cloak)
rCorr   .            (gloves unavailable)
SInv    .            (boots unavailable)
Will    .....        (no amulet)
Stlth   +            (no ring)
HPRegen 1.08/turn    (no ring)
MPRegen 0.09/turn

%: no passive effects
@: attractive, invisible
A: large, unfitting armour, claws 3, regeneration 1, shaggy fur 1, tough skin 1
a: no special abilities


You were on level 3 of the Dungeon.
You visited 1 branch of the dungeon, and saw 3 of its levels.

You collected 88 gold pieces.

Inventory:

Missiles
 h - 3 poisoned darts (quivered)
 i - 42 stones
Armour
 a - a +0 robe (worn)
 b - a +0 kite shield (worn)
Jewellery
 n - a ring of wizardry
Scrolls
 c - a scroll of fog {unknown}
 d - 2 scrolls of blinking {unknown}
 f - a scroll of silence {unknown}
 g - a scroll of noise {unknown}
 m - 2 scrolls of teleportation {unknown}
Potions
 e - a potion of attraction
 k - a potion of haste {unknown}
 l - a potion of lignification {unknown}
 o - a potion of heal wounds {unknown}


   Skills:
 + Level 3.2 Fighting
 + Level 2.0 Throwing
 - Level 2.4 Dodging
 + Level 3.6 Shields
 * Level 4.1 Unarmed Combat


You had 4 spell levels left.
You didn't know any spells.
Your spell library was empty.

Dungeon Overview and Level Annotations

Branches:
Dungeon (3/15)

Altars:

Shops:
D:2 (

Annotations:
D:3 Ijyb


Innate Abilities, Weirdness & Mutations

You are too large for most types of armour.
You have claws for hands.
Your natural rate of healing is unusually fast.
You are covered in fur. (AC +1)
You have tough skin. (AC +1)


Message History

Done exploring.
There is a stone staircase leading down here.
You climb downwards.
There is a stone staircase leading up here.
A goblin comes into view. It is wielding a +0 club.
A kobold comes into view. It is wielding a +0 dagger.
Found an escape hatch in the floor.
Found a stone staircase leading down.
Ijyb the Twisted Goblin comes into view.
She is wielding a +3 spectral club and carrying a wand of iceblast (9).
Ijyb shouts!
You block the goblin's attack.
You claw the goblin!
You kill the goblin!
Ijyb zaps a wand.
The mass of ice explodes!
The iceblast engulfs you!
You hear a shout! x2; You hear an angry hiss.
You closely miss the kobold. The kobold closely misses you.
You barely miss the kobold.
Ijyb zaps a wand.
The mass of ice explodes!
The iceblast engulfs you!
The iceblast engulfs the kobold!
The kobold dies!
Ijyb zaps a wand.
The mass of ice explodes!
The iceblast engulfs you.
You hear a shout!
You hear an angry hiss.
Ijyb zaps a wand.
The mass of ice explodes!
The iceblast engulfs you!
You are too injured to fight recklessly!
Okay, then.
You completely miss Ijyb. You block Ijyb's attack.
The +3 spectral club hits you.
* * * LOW HITPOINT WARNING * * *
A +3 spectral club comes into view.
You claw Ijyb!
Ijyb is heavily wounded.
Ijyb screams, "Me stronger than you!" You block Ijyb's attack.
The +3 spectral club hits you!
* * * LOW HITPOINT WARNING * * *
It was a potion of attraction.
You feel attractive to monsters. Ijyb barely misses you.
The +3 spectral club barely misses you.
It was a potion of invisibility.
You fade into invisibility!
Ijyb screams, "Die!"
You block Ijyb's attack. The +3 spectral club hits you!
You die...

##### ### .... .>##
#.###..#
.######...#..#
.............# #
###..##.##.).##.#
................#.#
#.........)......
#....<#..@(####.#
#####....g......#
#....##..######
#.##.....# ...
>..#..# .. ....#..#
......#.#.## #..
....


You could see a +3 spectral club (wandering) and Ijyb (unable to see you).

Vanquished Creatures
  Sigmund (D:2)
  3 adders (D:2)
  4 dart slugs
  4 orcs (D:3)
  4 bats
  2 endoplasms
  3 giant cockroaches
  7 hobgoblins
  3 jackals (D:1)
  3 ball pythons
  2 frilled lizards
  5 goblins
  3 kobolds (D:2)
  4 rats
48 creatures vanquished.

Vanquished Creatures (others)
  A kobold (D:3)
1 creature vanquished.

Grand Total: 49 creatures vanquished

Notes
Turn   | Place    | Note
-------+----------+-------------------------------------------
     0 | D:1      | cheesebisquit the Troll Fighter began the quest for the
                  | Orb.
     0 | D:1      | Reached XP level 1. HP: 22/22 MP: 0/0
    82 | D:1      | Found a faded altar of an unknown god.
   238 | D:1      | Reached XP level 2. HP: 29/29 MP: 1/1
   869 | D:2      | Reached XP level 3. HP: 34/36 MP: 2/2
   938 | D:2      | Noticed Sigmund
   941 | D:2      | Reached skill level 1 in Throwing
   954 | D:2      | Killed Sigmund
   955 | D:2      | Reached skill level 4 in Unarmed Combat
   955 | D:2      | Reached XP level 4. HP: 45/45 MP: 3/3
   955 | D:2      | Reached XP level 5. HP: 53/53 MP: 4/4
  1288 | D:2      | Found Edilo's Weapon Shoppe.
  1659 | D:3      | Noticed Ijyb
  1670 | D:3      | Slain by a +3 spectral club

Illustrated notes

Levels and vault maps discovered:
D:1:      zaba_arrival_water, layout_loops_ring,
          hellmonk_ecumenical_altar_blasted
D:2:      layout_basic, serial_shops, shop_statue, kennysheep_generic_room_9,
          uniq_sigmund
D:3:      layout_basic, serial_shops, shop, uniq_ijyb, uniq_crazy_yiuf_cottage

Skill      XL: |  1  2  3  4  5 |
---------------+----------------+-----
Shields        | 3 |  3.6
Throwing       | 1 2 |  2.0
Fighting       | 3 |  3.2
Unarmed Combat | 4 |  4.1
Dodging        | |  2.4

Action                     |  1- 3 |  4- 6 || total
---------------------------+-------+-------++-------
  Melee: Unarmed           |    55 |    64 ||   119
  Throw: Stone             |     1 |       ||     1
    Use: Potion            |     1 |     2 ||     3
   Stab: Sleeping          |     1 |       ||     1
 Armour: Robe              |    15 |    16 ||    31
  Dodge: Dodged            |    18 |    27 ||    45
  Block: Kite shield       |    12 |    29 ||    41
